 Dungeon Crawl Stone Soup version 0.25-a0-435-g4b9beb1024 (webtiles) character file.

Game seed: 1413600904842361607, levelgen mode: deterministic

88897 Nattfarinn the Warrior (level 15, -3/136 HPs)
             Began as a Barachi Summoner on Jan 29, 2020.
             Was the Champion of Cheibriados.
             Killed by the air
             ... invoked by a wind drake
              (30 damage)
             ... on level 4 of the Shoals.
             The game lasted 02:41:54 (36099 turns).

Nattfarinn the Warrior (Barachi Summoner)          Turns: 36099, Time: 02:41:55

Health: -3/136     AC: 27    Str: 31    XL:     15   Next: 95%
Magic:  11/27      EV: 24    Int: 37    God:    Cheibriados [******]
Gold:   998        SH: 14    Dex: 31    Spells: 3/31 levels left

rFire    . . .     SeeInvis +   F - +5 war axe of Ruination {flame, Str+4 Dex+3}
rCold    . . .     Gourm    .   b - +3 buckler {AC+3}
rNeg     + . .     Faith    .   S - +4 ring mail of Toptobbu {rElec rN+ Str+2 Dex-2}
rPois    .         Spirit   .   y - +0 helmet "Orosi" {Slay+3 SInv}
rElec    +         Reflect  +   p - +0 cloak
rCorr    .         Harm     .   I - +0 pair of gloves {Dex+3}
MR       +....                  B - +2 pair of boots {Fly}
Stlth    +.........             C - +4 amulet of reflection
HPRegen  0.32/turn              t - ring of wizardry
MPRegen  0.20/turn              X - +5 ring of protection

@: can't hop, flying, glowing, studying Fighting, very slow
A: +LOS, swims, slowness 1, strong legs 2
a: Hop, Bend Time, Temporal Distortion, Slouch, Step From Time, Renounce
Religion, Stop Flying


You were on level 4 of the Shoals.
You worshipped Cheibriados.
Cheibriados was exalted by your worship.
You were not hungry.

You visited 5 branches of the dungeon, and saw 28 of its levels.
You also visited: Ossuary, Bailey and Ice Cave.

You collected 3119 gold pieces.
You spent 2121 gold pieces at shops.

Inventory:

Hand Weapons
 s - the +8 dagger "Peeherr" {vorpal, +Blink}
   (You found it on level 12 of the Dungeon)

   It inflicts extra damage upon your enemies.
   It lets you blink.
 F - the +5 war axe of Ruination (weapon) {flame, Str+4 Dex+3}
   (You bought it in a shop on level 1 of the Shoals)

   It has been specially enchanted to burn those struck by it, causing extra
   injury to most foes and up to half again as much damage against particularly
   susceptible opponents.
   Big, fiery blades are also staple armaments of hydra-hunters.
   It affects your strength (+4).
   It affects your dexterity (+3).
Armour
 b - a +3 buckler of protection (worn)
 p - a +0 cloak (worn)
 y - the +0 helmet "Orosi" (worn) {Slay+3 SInv}
   (You found it on level 14 of the Dungeon)

   It affects your accuracy and damage with ranged weapons and melee attacks
   (+3).
   It lets you see invisible.
   If you remove this armour, your AC will fall 2 points (27 -> 25)
 B - a +2 pair of boots of flying (worn)
 I - a +0 pair of gloves of dexterity (worn)
 S - the +4 ring mail of Toptobbu (worn) {rElec rN+ Str+2 Dex-2}
   (You found it on level 14 of the Dungeon)

   It affects your strength (+2).
   It affects your dexterity (-2).
   It insulates you from electricity.
   It protects you from negative energy.
   If you remove this armour, your AC will fall 12 points (27 -> 15)
Jewellery
 d - a +4 ring of intelligence
 n - an uncursed ring of protection from cold
 o - an uncursed ring of protection from cold
 t - a ring of wizardry (left hand)
 v - a cursed amulet of inaccuracy {unknown}
 C - a +4 amulet of reflection (around neck)
 J - an uncursed ring of magical power
 X - a +5 ring of protection (right hand)
Wands
 g - a wand of scattershot (17)
 i - a wand of iceblast (36)
 l - a wand of disintegration (15)
 x - a wand of paralysis (39)
 G - a wand of acid (33)
 N - a wand of digging (7)
 P - a wand of polymorph (1)
Scrolls
 a - a scroll of enchant armour
 e - 7 scrolls of remove curse
 f - 2 scrolls of fear
 h - 6 scrolls of amnesia
 j - 7 scrolls of teleportation
 m - a scroll of silence
 r - 7 scrolls of blinking
 H - 2 scrolls of fog
 K - 2 scrolls of vulnerability
 L - a scroll of holy word
 R - 7 scrolls of immolation
 V - 3 scrolls of magic mapping
 Y - 5 scrolls of summoning
Potions
 k - 11 potions of curing
 q - 5 potions of resistance
 u - a potion of mutation
 z - 4 potions of heal wounds
 A - a potion of brilliance
 D - 2 potions of cancellation
 E - 3 potions of might
 M - 3 potions of lignification
 O - 2 potions of magic
 Q - 2 potions of agility
 U - 4 potions of flight
 W - 2 potions of invisibility
Books
 w - a manual of Fighting
Comestibles
 c - 58 rations


   Skills:
 * Level 18.1 Fighting
 - Level 10.4 Armour
 - Level 10.9 Dodging
 - Level 1.7 Stealth
 - Level 4.0 Shields
 + Level 8.6 Spellcasting
 * Level 10.9 Conjurations
 - Level 14.9 Summonings
 - Level 9.0 Invocations


You had 3 spell levels left.
You knew the following spells:

 Your Spells              Type           Power        Failure   Level  Hunger
a - Summon Small Mammal   Summ           ####         0%          1    None
b - Call Imp              Summ           #######.     0%          2    None
c - Call Canine Familiar  Summ           #######.     0%          3    None
d - Summon Lightning Spi  Summ/Air       ######..     1%          4    None
e - Summon Ice Beast      Ice/Summ       ######..     1%          4    None
f - Orb of Destruction    Conj           #######...   13%         7    ######.
g - Spellforged Servitor  Conj/Summ      #######...   6%          7    ######.

Your spell library contained the following spells:

 Spells                   Type           Power        Failure   Level  Hunger
 Freeze                   Ice            ###.         1%          1    None
 Magic Dart               Conj           ####         1%          1    None
 Poisonous Vapours        Pois/Air       ###...       1%          2    None
 Searing Ray              Conj           ######       1%          2    None
 Conjure Flame            Conj/Fire      ######..     1%          3    None
 Dazzling Flash           Conj/Hex       ######       1%          3    None
 Mephitic Cloud           Conj/Pois/Air  #####...     1%          3    None
 Static Discharge         Conj/Air       ######..     1%          3    None
 Summon Guardian Golem    Hex/Summ       ######..     1%          3    None
 Ozocubu's Armour         Chrm/Ice       ###.....     4%          3    None
 Fulminant Prism          Conj/Hex       ######....   1%          4    None
 Hailstorm                Conj/Ice       ######..     1%          4    None
 Iskenderun's Mystic Bla  Conj/Tloc      ######..     1%          4    None
 Iskenderun's Battlesphe  Conj/Chrm      ######..     4%          5    ###....
 Lightning Bolt           Conj/Air       ######....   4%          5    ###....
 Bolt of Magma            Conj/Fire/Erth #####.....   9%          5    ###....
 Iron Shot                Conj/Erth      ######....   21%         6    #####..
 Freezing Cloud           Conj/Ice/Air   #####.....   41%         6    #####..
 Ring of Flames           Chrm/Fire      ###.......   100%        7    ######.
 Ignition                 Fire           ###.......   100%        8    #######
 Shatter                  Erth           ###.......   100%        9    #######
 Tornado                  Air            ###.......   100%        9    #######


Dungeon Overview and Level Annotations

Branches:
Dungeon (15/15)            Temple (1/1) D:4            Lair (6/6) D:8
 Shoals (4/4) Lair:4       Spider (0/4) Lair:3        Slime (0/5) Lair:6
    Orc (2/2) D:9             Elf (0/3) Orc:2        Vaults (0/5) D:14
 Depths (0/5) D:15        Ossuary (visited)          Bailey (visited)
  IceCv (visited)

Altars:
Ashenzari
Cheibriados
Fedhas
Kikubaaqudgha
Okawaru
Qazlal
Ru
Trog
Uskayaw
Vehumet
Wu Jian
Xom
Yredelemnul
Zin
Beogh
Jiyva

Shops:
D:4 [?!}   D:5 =%!   D:6 !   D:9 !*   D:12 }   D:13 ?   D:15 *   Orc:2 [([[[
Shoals:1 (?:   Shoals:4 %*

Annotations:
D:12 1 runed translucent door, Archen's ghost, journeyman MiBe
D:13 3 runed translucent doors, Yteday's ghost, journeyman GrFE


Innate Abilities, Weirdness & Mutations

You can be seen from farther away. (+LOS)
You can swim through water.
You cover ground slowly.
You can hop long distances.


Message History

The wind drake bites your lightning spire but does no damage.
The faun shoots a stone.
The stone hits you but does no damage.
Your spellforged servitor hums quietly as it recharges.
The wind drake bites your lightning spire but does no damage.
The snapping turtle completely misses you.
The manticore flicks its tail.
The volley of spikes misses you.
The volley of spikes hits your lightning spire but does no damage.
The faun gestures at you while chanting.
You resist with some effort. The wind drake flaps its wings at you.
The air twists around and violently strikes you in flight.
The wind drake bites your lightning spire but does no damage.
Your spellforged servitor launches a ball of destructive magic.
The snapping turtle bites you from afar!!
You wake up.
* * * LOW HITPOINT WARNING * * *
The wind drake flaps its wings at you.
The air twists around and violently strikes you in flight!!
You die...

...P.....P.............
≈
P≈P.......P...........
≈≈
#≈...[..C.#.......###.
≈≈. ≈...(..P.P..)....≈
.... P.....P.........≈.
..... ..)# P.....
....cP tk###P≈....
.......##8P.≈≈≈≈≈≈≈
.8.8.....@.*≈≈≈≈.#.
⌠.⌠..k..(.<☼≈≈...P##.
.∩.8....H..(○≈#..P.PP
⌠.⌠...C.....○P#.....t
.8.8........*PPc....c
≈≈≈≈≈YY.⌠.⌠..8P..t|..
≈≈≈≈≈≈≈..∩...P##....c
≈≈≈≈≈≈≈≈⌠.⌠..PP ..k.
≈≈≈≈≈≈≈≈≈.....P. .P.


You could see an alligator snapping turtle, a snapping turtle, 2 wind drakes, 2
fauns, a manticore, a cyclops, 2 dream sheep, a friendly spellforged servitor
and a friendly lightning spire.

Vanquished Creatures
  A kraken (Shoals:2)
  An ettin (D:14)
  A hydra (Lair:6)
  A centaur warrior (D:14)
  A merfolk avatar (Shoals:3)
  An orc high priest (Orc:2)
  An alligator (Lair:4)
  A tengu warrior (D:15)
  6 death yaks
  2 skeletal warriors (D:14)
  3 sea snakes
  An orc knight (D:14)
  6 ugly things (D:15)
  An elephant (Lair:5)
  An ice statue (IceCv)
  3 black mambas (Lair:6)
  2 water nymphs
  3 centaur skeletons
  A torpor snail (Lair:2)
  8 spiny frogs
  2 komodo dragons
  A yaktaur (D:15)
  A freezing wraith (D:15)
  2 ice devils (IceCv)
  2 polar bears (Lair:6)
  2 trolls
  A meliai (D:13)
  5 hornets (Lair:6)
  8 blink frogs
  A dream sheep (Lair:6)
  7 hippogriffs
  4 shadows
  2 wyverns (D:14)
  6 spriggans (Lair:6)
  17 yaks
  3 water elementals
  Grum (D:9)
  A vampire mosquito (D:13)
  A steam dragon (D:10)
  2 wargs (Orc:1)
  A soldier ant (D:14)
  2 swamp worms (Lair:4)
  5 water moccasins
  A porcupine (Lair:1)
  18 orc warriors
  An ice beast (D:14)
  3 black bears
  2 phantoms
  3 sky beasts
  2 boggarts (Lair:6)
  A necrophage (D:12)
  16 wolves
  6 centaurs
  7 ogres
  5 crocodiles
  17 bullfrogs
  4 gnoll sergeants (Bailey)
  3 scorpions
  3 killer bees (D:13)
  A wight (D:8)
  4 howler monkeys
  3 crimson imps
  2 centaur zombies
  2 bullfrog zombies (D:5)
  4 jellies
  12 orc priests
  5 hounds
  3 gnoll shamans (Bailey)
  An iguana (D:14)
  Natasha (twice) (D:2)
  14 orc wizards
  5 worker ants
  A killer bee zombie (D:8)
  2 hound skeletons (D:4)
  A mummy (Ossuary)
  A worker ant zombie (D:7)
  6 gnolls (Bailey)
  8 adders
  3 shadow imps
  An ufetubus (IceCv)
  2 oozes
  A worm (D:3)
  6 leopard geckos
  41 orcs
  3 bats
  5 giant cockroaches
  3 hobgoblins
  6 jackals
  3 quokkas (D:4)
  A ball python (D:7)
  4 frilled lizards
  A giant cockroach zombie (D:6)
  A gnoll zombie (Ossuary)
  4 goblins
  A goblin zombie (Ossuary)
  A hobgoblin zombie (Ossuary)
  2 kobolds
  A quokka skeleton (D:4)
  8 rats
389 creatures vanquished.

Vanquished Creatures (collateral kills)
  Rupert (D:12)
  A kraken (Shoals:2)
  An orc warlord (Orc:2)
  A reaper (IceCv)
  A fire dragon (D:14)
  A merfolk impaler (Shoals:1)
  Harold (D:9)
  7 hydras
  4 centaur warriors
  Erica (Lair:2)
  A two-headed ogre (shapeshifter) (D:13)
  2 two-headed ogres
  3 satyrs
  11 death yaks
  A tengu warrior (D:13)
  3 death knights (D:15)
  11 skeletal warriors
  A deep troll (D:14)
  5 sea snakes
  An unseen horror (D:10)
  2 swamp dragons (Lair:4)
  2 orc knights
  A phantasmal warrior (D:14)
  3 oklob plants
  3 orc sorcerers
  8 fauns
  A deep elf mage (D:15)
  4 cyclopes
  5 manticores
  2 elephants (Lair:5)
  2 merfolk sirens
  An ice statue (IceCv)
  A black mamba (Lair:4)
  2 gargoyles
  Maurice (D:12)
  4 water nymphs
  7 spiny frogs
  Maggie (D:7)
  3 rime drakes
  A freezing wraith (D:15)
  A yaktaur (D:15)
  6 trolls
  2 komodo dragons
  A redback zombie (D:15)
  2 tengu conjurers
  4 ice devils (IceCv)
  3 polar bears
  11 merfolk
  2 meliai (D:13)
  3 hornets (Lair:6)
  4 wind drakes
  12 blink frogs
  6 hippogriffs
  6 dream sheep
  2 slime creatures (Lair:4)
  8 snapping turtles
  Sigmund (D:5)
  2 shadows
  A vampire (D:12)
  6 spriggans (Lair:6)
  40 yaks
  4 basilisks
  2 wraiths
  5 wyverns
  A steam dragon (Lair:4)
  A hungry ghost (D:12)
  2 vampire mosquitoes (D:13)
  4 swamp worms (Lair:4)
  2 acid dragons
  4 wargs
  7 water moccasins
  7 porcupines
  2 ice beasts
  30 orc warriors
  4 sky beasts
  An eye of draining (shapeshifter) (D:14)
  5 ogres
  A boggart (Lair:6)
  A phantom (D:9)
  7 crocodiles
  16 wolves
  9 centaurs
  A big kobold (D:9)
  9 bullfrogs
  5 gnoll sergeants
  3 scorpions
  2 electric eels (Lair:1)
  3 wights (D:8)
  2 howler monkeys
  3 crimson imps
  2 centaur zombies
  4 lava snakes (D:9)
  2 bullfrog zombies
  A quasit (D:8)
  2 bullfrog skeletons
  5 centaur skeletons
  3 hounds
  2 jellies
  20 orc priests
  3 gnoll shamans (Bailey)
  32 orc wizards
  An iguana (D:3)
  Natasha (D:2)
  5 worker ants
  3 big kobold zombies (Ossuary)
  A hound skeleton (D:7)
  A mummy (Ossuary)
  8 gnolls (Bailey)
  6 adders
  4 white imps (IceCv)
  6 ufetubi (IceCv)
  2 adder skeletons
  2 worms
  A dart slug (D:3)
  84 orcs
  5 giant cockroaches
  2 goblins
  10 hobgoblins
  6 jackals
  3 quokkas
  A ball python (D:1)
  4 bats
  2 frilled lizards
  A gnoll zombie (Ossuary)
  A goblin zombie (Ossuary)
  4 hobgoblin zombies (Ossuary)
  8 kobolds
  A leopard gecko skeleton (D:7)
  A leopard gecko zombie (D:8)
  An orc zombie (Ossuary)
  A quokka skeleton (D:8)
  A bush (Shoals:1)
  A fungus (D:8)
  9 plants
  3 tentacles (Shoals:2)
644 creatures vanquished.

Vanquished Creatures (others)
  A yaktaur captain (D:15)
  A cyclops (D:15)
  A tengu conjurer (D:15)
  A warg (Orc:2)
  5 white imps (IceCv)
  3 ufetubi (IceCv)
  2 orcs
  A bush (D:14)
  25 fungi
  17 plants
  12 tentacles (Shoals:2)
69 creatures vanquished.

Grand Total: 1102 creatures vanquished

Notes
Turn   | Place    | Note
-------+----------+-------------------------------------------
     0 | D:1      | Nattfarinn the Barachi Summoner began the quest for the
                  | Orb.
     0 | D:1      | Reached XP level 1. HP: 13/13 MP: 3/3
   500 | D:1      | Reached skill level 5 in Summonings
   500 | D:1      | Reached XP level 2. HP: 20/20 MP: 5/5
   504 | D:1      | Learned a level 2 spell: Call Imp
   534 | D:1      | Reached skill level 1 in Armour
  1032 | D:1      | Reached skill level 1 in Fighting
  1406 | D:2      | Noticed Natasha
  1419 | D:2      | Reached XP level 3. HP: 19/26 MP: 6/6
  1432 | D:2      | Learned a level 3 spell: Call Canine Familiar
  1511 | D:2      | Killed Natasha
  1657 | D:2      | Noticed Natasha
  1696 | D:2      | Killed Natasha
  1794 | D:2      | Reached XP level 4. HP: 33/33 MP: 7/7
  1830 | D:2      | Reached skill level 2 in Fighting
  1854 | D:2      | Noticed Natasha
  2083 | D:2      | Killed Natasha
  2414 | D:2      | Reached XP level 5. HP: 32/39 MP: 7/9
  3038 | D:3      | Found an iron altar of Okawaru.
  3068 | D:3      | Noticed a moth of wrath
  3075 | D:3      | Found a bloodstained altar of Trog.
  3495 | D:4      | Reached skill level 1 in Shields
  3546 | D:4      | Found Ekimiv's Antique Armour Boutique.
  3585 | D:4      | Noticed an ogre
  3613 | D:4      | Killed an ogre
  3613 | D:4      | Reached skill level 3 in Fighting
  3613 | D:4      | Reached XP level 6. HP: 47/47 MP: 0/10
  3906 | D:4      | Found Bituq's Gadget Emporium.
  3957 | D:4      | Found Woromuzi's Distillery.
  4131 | D:4      | Found a staircase to the Ecumenical Temple.
  4152 | Temple   | Entered the Ecumenical Temple
  4179 | Temple   | Became a worshipper of Cheibriados the Contemplative
  4201 | D:4      | Found Kiwot's Magic Scroll Shop.
  4540 | D:4      | Found a sacrificial altar of Ru.
  4868 | D:5      | Entered Level 5 of the Dungeon
  4891 | D:5      | Reached XP level 7. HP: 53/53 MP: 11/11
  5016 | D:5      | Reached skill level 4 in Fighting
  5395 | D:5      | Found a radiant altar of Vehumet.
  5685 | D:5      | Noticed Sigmund
  5725 | D:5      | Killed Sigmund
  5740 | D:5      | Reached * piety under Cheibriados
  5800 | D:5      | Found Pukeoc's Distillery.
  5861 | D:5      | Reached XP level 8. HP: 49/61 MP: 13/13
  5983 | D:5      | Found Hask's Jewellery Boutique.
  6099 | D:5      | Found Plog's Food Shop.
  6170 | D:5      | Found an ornate altar of the Wu Jian Council.
  6170 | D:5      | Found a stormy altar of Qazlal.
  6303 | D:6      | Learned a level 4 spell: Summon Lightning Spire
  6357 | D:6      | Reached skill level 5 in Fighting
  6532 | D:6      | Reached skill level 5 in Armour
  6628 | D:6      | Found a glowing silver altar of Zin.
  6630 | D:6      | Found a sand-covered staircase.
  6634 | Ossuary  | Entered an ossuary
  6730 | Ossuary  | Reached ** piety under Cheibriados
  6805 | D:6      | Noticed an angel
  6809 | D:6      | Found a shimmering altar of Xom.
  6867 | D:5      | Bought a +4 amulet of reflection for 270 gold pieces
  7090 | D:6      | Found Beem's Distillery.
  7095 | D:6      | Bought a potion of might for 40 gold pieces
  7095 | D:6      | Bought a potion of might for 40 gold pieces
  7095 | D:6      | Bought a potion of invisibility for 80 gold pieces
  7538 | D:7      | Reached *** piety under Cheibriados
  7611 | D:7      | Reached skill level 6 in Fighting
  7642 | D:7      | Noticed Maggie
  7653 | D:7      | Killed Maggie
  7653 | D:7      | Reached XP level 9. HP: 69/69 MP: 7/15
  8416 | D:8      | Found a staircase to the Lair.
  8609 | D:8      | Reached skill level 7 in Fighting
  8813 | D:8      | Reached **** piety under Cheibriados
  8828 | D:8      | Reached skill level 5 in Dodging
  9337 | D:8      | Found a blossoming altar of Fedhas.
  9337 | D:8      | Found an ancient bone altar of Kikubaaqudgha.
  9442 | D:9      | Noticed Harold
  9458 | D:9      | Killed Harold
  9458 | D:9      | Reached skill level 5 in Spellcasting
  9671 | D:9      | Found Emiomemo's General Store.
  9687 | D:9      | Noticed Grum
  9695 | D:9      | Reached XP level 10. HP: 71/80 MP: 7/17
  9700 | D:9      | Killed Grum
  9700 | D:9      | Reached skill level 8 in Fighting
  9838 | D:9      | Noticed a gargoyle
  9879 | D:9      | Killed a gargoyle
  9879 | D:9      | Reached ***** piety under Cheibriados
 10081 | D:9      | Found a staircase to the Orcish Mines.
 10165 | D:9      | Noticed a two-headed ogre
 10175 | D:9      | Killed a two-headed ogre
 10308 | D:9      | Found Wago's Distillery.
 10376 | D:9      | Bought a potion of degeneration for 16 gold pieces
 10540 | D:9      | Found a basalt altar of Yredelemnul.
 10660 | D:10     | Entered Level 10 of the Dungeon
 10825 | D:10     | Killed an unseen horror
 10825 | D:10     | Reached skill level 10 in Summonings
 11135 | D:10     | Reached skill level 9 in Fighting
 11136 | D:10     | Noticed a gargoyle
 11145 | D:10     | Learned a level 4 spell: Summon Ice Beast
 11166 | D:10     | Killed a gargoyle
 11768 | D:11     | Reached ****** piety under Cheibriados
 11874 | D:11     | Noticed a manticore
 11880 | D:11     | Reached XP level 11. HP: 89/89 MP: 12/20
 11886 | D:11     | Killed a manticore
 12263 | D:11     | Reached skill level 10 in Fighting
 12468 | D:11     | Noticed a six-headed hydra
 12481 | D:11     | Killed a six-headed hydra
 12481 | D:11     | Reached skill level 10 in Armour
 12966 | Lair:1   | Entered Level 1 of the Lair of Beasts
 13730 | Lair:2   | Noticed a seven-headed hydra
 13746 | Lair:1   | Reached skill level 1 in Invocations
 14073 | Lair:2   | Killed a seven-headed hydra
 14134 | Lair:2   | Noticed a seven-headed hydra
 14158 | Lair:2   | Reached XP level 12. HP: 71/99 MP: 5/21
 14164 | Lair:2   | Killed a seven-headed hydra
 14164 | Lair:2   | Reached skill level 11 in Fighting
 14753 | Lair:2   | Noticed Erica
 14770 | Lair:2   | Killed Erica
 15052 | Lair:3   | Found a hole to the Spider Nest.
 15108 | Lair:3   | Noticed an eight-headed hydra
 15118 | Lair:3   | Killed an eight-headed hydra
 15816 | Lair:3   | Reached skill level 5 in Invocations
 16605 | Lair:4   | Found a staircase to the Shoals.
 16949 | Lair:4   | Noticed an eight-headed hydra
 16953 | Lair:4   | Killed an eight-headed hydra
 17086 | Lair:4   | Noticed an eight-headed hydra
 17093 | Lair:4   | Killed an eight-headed hydra
 17097 | Lair:4   | Noticed an alligator
 17105 | Lair:4   | Killed an alligator
 17128 | Lair:4   | Noticed a six-headed hydra
 17421 | Lair:4   | Reached skill level 12 in Fighting
 17514 | Lair:4   | Killed a six-headed hydra
 17720 | Lair:4   | Noticed a death yak
 17725 | Lair:4   | Noticed a death yak
 17725 | Lair:4   | Noticed a death yak
 17725 | Lair:4   | Noticed a death yak
 17726 | Lair:4   | Noticed a death yak
 17727 | Lair:4   | Noticed a death yak
 17774 | Lair:4   | Learned a level 4 spell: Iskenderun's Mystic Blast
 17832 | Lair:4   | Killed a death yak
 17832 | Lair:4   | Gained mutation: You can hop long distances. [Barachi
                  | growth]
 17832 | Lair:4   | Reached XP level 13. HP: 108/108 MP: 12/22
 19786 | Lair:6   | Entered Level 6 of the Lair of Beasts
 19895 | Lair:6   | Reached skill level 10 in Dodging
 20624 | Lair:6   | Reached skill level 13 in Fighting
 20660 | Lair:6   | Found a viscous altar of Jiyva.
 20660 | Lair:6   | Found a staircase to the Slime Pits.
 20827 | Lair:6   | Reached XP level 14. HP: 104/118 MP: 13/23
 21413 | Lair:6   | Learned a level 7 spell: Spellforged Servitor
 21609 | Orc:1    | Entered Level 1 of the Orcish Mines
 21708 | Orc:2    | Entered Level 2 of the Orcish Mines
 21729 | Orc:2    | Reached skill level 1 in Conjurations
 22015 | Orc:1    | Found a flagged portal.
 22024 | Bailey   | Entered a bailey
 22429 | Bailey   | Got a transparent copper amulet
 22431 | Bailey   | Identified the amulet of Futakaj {Harm *Drain rC+} (You
                  | found it in a bailey)
 23461 | Orc:2    | Found a staircase to the Elven Halls.
 23695 | Orc:2    | Noticed an orc warlord
 24226 | Orc:2    | Killed an orc warlord
 24436 | Orc:2    | Found Posu's Armour Shoppe.
 24483 | Orc:2    | Found a roughly hewn altar of Beogh.
 24665 | Orc:2    | Found a roughly hewn altar of Beogh.
 24760 | Orc:2    | Found a roughly hewn altar of Beogh.
 24785 | Orc:2    | Found Ixywkisi's Armour Emporium.
 25017 | Orc:2    | Found Cawugh's Antique Weapon Shoppe.
 25027 | Orc:2    | Found Turheico's Antique Armour Emporium.
 25027 | Orc:2    | Found a roughly hewn altar of Beogh.
 25191 | Orc:2    | Reached skill level 5 in Conjurations
 25201 | Orc:2    | Found a roughly hewn altar of Beogh.
 25204 | Orc:2    | Found Vaboiqu's Antique Armour Shop.
 25225 | Orc:2    | Bought a shiny buckler for 165 gold pieces
 25599 | D:12     | Noticed Rupert
 25609 | D:12     | Killed Rupert
 25626 | D:12     | Noticed Archen's ghost (journeyman MiBe)
 25629 | D:12     | Found a runed translucent door.
 26126 | D:12     | Got a warped dagger
 26127 | D:12     | Identified the +8 dagger "Peeherr" {vorpal, +Blink} (You
                  | found it on level 12 of the Dungeon)
 26132 | D:12     | Found Arrearr's Gadget Shop.
 26159 | D:12     | Noticed Maurice
 26175 | D:12     | Killed Maurice
 26500 | D:13     | Found a frozen archway.
 26506 | IceCv    | Entered an ice cave
 27026 | IceCv    | Noticed a reaper
 27040 | IceCv    | Killed a reaper
 27821 | D:13     | Found a runed translucent gate.
 27821 | D:13     | Found a runed translucent gate.
 27821 | D:13     | Found a runed translucent gate.
 27821 | D:13     | Noticed Yteday's ghost (journeyman GrFE)
 27832 | D:13     | Reached skill level 14 in Fighting
 28771 | D:13     | Found Liesch's Magic Scroll Boutique.
 28779 | D:13     | Bought a scroll of teleportation for 54 gold pieces
 28779 | D:13     | Bought a scroll of enchant armour for 135 gold pieces
 28779 | D:13     | Bought a scroll of silence for 135 gold pieces
 29464 | D:14     | Found a roughly hewn altar of Beogh.
 29730 | D:14     | Got a slimy ring mail
 29741 | D:14     | Identified the +4 ring mail of Toptobbu {rElec rN+ Str+2
                  | Dex-2} (You found it on level 14 of the Dungeon)
 29770 | D:14     | Reached skill level 15 in Fighting
 29793 | D:14     | Reached XP level 15. HP: 129/129 MP: 20/25
 29802 | D:14     | Learned a level 7 spell: Orb of Destruction
 30517 | D:14     | Found a gate to the Vaults.
 30522 | D:14     | Identified the cursed +0 helmet "Orosi" {Slay+3 SInv} (You
                  | found it on level 14 of the Dungeon)
 30630 | D:15     | Entered Level 15 of the Dungeon
 30956 | D:15     | Reached skill level 16 in Fighting
 31750 | D:15     | Found Jisal's Assorted Antiques.
 31755 | D:15     | Bought a pair of scorched boots for 237 gold pieces
 31755 | D:15     | Bought a potion of heal wounds for 125 gold pieces
 31755 | D:15     | Bought a scroll of blinking for 187 gold pieces
 31780 | D:15     | Identified the -3 pair of boots "Akei" {rN++ rCorr} (You
                  | bought it in a shop on level 15 of the Dungeon)
 32200 | D:15     | Found a staircase to the Depths.
 32456 | Shoals:1 | Entered Level 1 of the Shoals
 32456 | Shoals:1 | Found Vuylo's Magic Scroll Shoppe.
 32468 | Shoals:1 | Bought a scroll of teleportation for 36 gold pieces
 32468 | Shoals:1 | Bought a scroll of blinking for 90 gold pieces
 32468 | Shoals:1 | Bought a scroll of identify for 24 gold pieces
 32468 | Shoals:1 | Bought a scroll of amnesia for 42 gold pieces
 32468 | Shoals:1 | Bought a scroll of summoning for 114 gold pieces
 32848 | Shoals:1 | Found Saepeggo's Antique Weapon Boutique.
 32857 | Shoals:1 | Bought a smoking war axe for 331 gold pieces
 32857 | Shoals:1 | Identified the +5 war axe of Ruination {flame, Str+4 Dex+3}
                  | (You bought it in a shop on level 1 of the Shoals)
 33014 | Shoals:1 | Reached skill level 17 in Fighting
 33033 | Shoals:1 | Reached skill level 10 in Conjurations
 33570 | Shoals:1 | Found Gogrus's Book Shop.
 34407 | Shoals:2 | Noticed a kraken
 34426 | Shoals:2 | Killed a kraken
 34644 | Shoals:2 | Noticed a kraken
 34652 | Shoals:2 | Killed a kraken
 35598 | Shoals:3 | Reached skill level 18 in Fighting
 36023 | Shoals:4 | Entered Level 4 of the Shoals
 36072 | Shoals:4 | Found Oxkeg's Assorted Antiques.
 36093 | Shoals:4 | Found Esaomycw's Food Boutique.
 36099 | Shoals:4 | Killed from afar by a wind drake

Levels and vault maps discovered:
D:1:      nzn_arrival_water_spiral, layout_loops_ring
D:2:      layout_basic, uniq_natasha
D:3:      layout_loops_ring, lemuel_doored_altar, tgw_trog
D:4:      layout_layer_cave, nicolae_overflow_hidden_temple,
          minmay_temple_entry_statues_fountains, first_ration, serial_shops,
          kennysheep_mini_moat, shop, nicolae_shop_statue_plus, shop
D:5:      layout_loops_ring, vehumet_crystals, gammafunk_temple_overflow_wave,
          serial_shops, shop, nicolae_shop_behind_doors, shop_coins,
          uniq_sigmund
D:6:      layout_basic, grunt_temple_overflow_order_and_chaos_1, serial_shops,
          nicolae_shop_crystal, enter_ossuary_5
D:7:      layout_gridville, uniq_maggie
D:8:      layout_loops_cross, grunt_temple_overflow_growth_and_decay,
          due_lair_maze_entry_diamond, grunt_ogre_cave, serial_bayou_pond_a,
          kennysheep_generic_room_11
D:9:      kennysheep_big_flooded_room, layout_long_grid, marbit_many_paths,
          orc_0_dummy, serial_shops, shop, shop_fountains,
          minmay_misc_feat_more_columns, uniq_grum, uniq_harold
D:10:     minmay_ornate_pinched, layout_cave_pools
D:11:     layout_loops_ring
D:12:     minmay_weird_star, layout_irregular_city, serial_shops, shop,
          hellmonk_ghost_happy_afterlife, uniq_maurice, uniq_rupert
D:13:     layout_basic, serial_shops, shop, ebering_ghost_rock_garden,
          portal_ice_cave_entry_pillars_1
D:14:     layout_roguey [special_room_orc], david_vaults_4, serial_park_paths
          [serial_park_minivault_5x5_1], gauntlet_entry_generic, st_stairs_10
D:15:     grunt_enter_depths_snipers, layout_loops_cross, minmay_misc_feat_rows,
          serial_shops, nicolae_shop_trees
Temple:   pf_slime_end_temple
Lair:1:   layout_cave_shapes, disabler_island, lemuel_fruit_tree
Lair:2:   layout_gridlike, st_stairs_7, grunt_megastairs_4, uniq_erica
Lair:3:   layout_layer_cave, dummy_spider_entry, minivault_19,
          minmay_lair_oklob_bushes
Lair:4:   onia_ninara_swampy_vault, layout_layer_cave,
          minmay_shoals_entry_centaurs, minivault_26
Lair:5:   layout_hall_layers, serial_bayou_shore_a
Lair:6:   minmay_lair_end_enchanted_forest, layout_long_grid,
          dpeg_slime_entry_enclosed_altar, lemuel_fruit_fields
Shoals:1: cheibrodos_shoals_satyrical_garden, layout_shoals, serial_shops,
          nicolae_shop_trees, shop, shop
Shoals:2: layout_shoals, nicolae_shoals_this_corrosion
Shoals:3: layout_shoals
Shoals:4: shoals_end_grunt_garden, layout_shoals, serial_shops, shop,
          shop_fountains, shop, nicolae_shop_temple_entry_statues_fountains,
          nicolae_shop_waterfront, nicolae_shoals_stone_sculpture_thing,
          abandoned_shop, uniq_aizul
Orc:1:    cheibrodos_orc_bank, layout_caves, enter_bailey_2, nooodl_orcs_dogs
Orc:2:    grunt_orc_community_town_hall, layout_diamond_mine,
          grunt_orc_community_big_house_2, grunt_orc_community_big_house_2,
          grunt_orc_community_house_2, grunt_orc_community_house_2,
          grunt_orc_community_house_1, grunt_orc_community_house_3,
          serial_shops, shop_statue

Skill      XL: |  1  2  3  4  5  6  7  8  9 10 11 12 13 14 15 |
---------------+----------------------------------------------+-----
Summonings     | 5 6 7 9 10 11 12 13 14 | 14.9
Armour         | 1 2 3 4 6 7 9 10 | 10.4
Fighting       | 1 2 3 4 6 7 9 10 12 13 15 18 | 18.1
Shields        | 1 2 3 4 |  4.0
Dodging        | 3 4 5 6 7 9 10 | 10.9
Spellcasting   | 3 4 5 6 7 8 |  8.6
Invocations    | 3 6 9 |  9.0
Conjurations   | 7 10 | 10.9
Stealth        | |  1.7

Action                   |  1- 3 |  4- 6 |  7- 9 | 10-12 | 13-15 || total
-------------------------+-------+-------+-------+-------+-------++-------
Melee: Unarmed           |    16 |       |       |       |       ||    16
       Club              |    39 |       |       |       |       ||    39
       Dagger            |    27 |   198 |   248 |   394 |  1139 ||  2006
       War axe           |       |       |       |       |    22 ||    22
 Cast: Summon Small Mamm |    10 |       |       |       |     3 ||    13
       Call Imp          |    10 |    14 |     5 |     4 |     1 ||    34
       Call Canine Famil |     3 |    16 |    23 |    40 |    44 ||   126
       Summon Lightning  |       |       |    19 |    67 |   162 ||   248
       Summon Ice Beast  |       |       |       |    32 |    27 ||    59
       Iskenderun's Myst |       |       |       |     4 |       ||     4
       Spellforged Servi |       |       |       |       |    53 ||    53
       Orb of Destructio |       |       |       |       |     2 ||     2
Invok: Slouch            |       |       |       |       |    11 ||    11
 Abil: Hop               |       |     2 |       |     3 |     7 ||    12
Evoke: Wand              |       |       |       |     1 |     2 ||     3
  Use: Scroll            |       |     4 |    11 |    11 |    29 ||    55
       Potion            |       |       |       |     2 |     4 ||     6
 Stab: Distracted        |     1 |     1 |     6 |    10 |    22 ||    40
       Sleeping          |       |     5 |     5 |     4 |     2 ||    16
  Eat: Chunk             |     4 |    12 |    13 |    17 |    47 ||    93
       Ration            |       |     1 |       |       |     5 ||     6
Armor: Robe              |    16 |       |    16 |       |       ||    32
       Leather armour    |    14 |    57 |    20 |       |       ||    91
       Swamp dragon scal |       |       |    27 |   138 |   247 ||   412
       Ring mail         |       |       |       |       |    59 ||    59
Dodge: Dodged            |    96 |   126 |   204 |   340 |  1124 ||  1890
Block: Other             |       |       |    18 |       |       ||    18
       Buckler           |       |       |    11 |   264 |   790 ||  1065
       Reflection        |       |       |     1 |     9 |    56 ||    66

Table legend:
 A = Non-vault XP
 B = Vault XP
 C = Vault XP percentage of total XP
 D = Non-vault monster count
 E = Vault monster count
 F = Vault count percentage of total count
                 A         B        C        D         E       F
            +---------+---------+-------+---------+---------+-------
      Total |   91581 |   35416 |  27.9 |     707 |     318 |  31.0
            +---------+---------+-------+---------+---------+-------
        D:1 |      19 |       0 |   0.0 |      15 |       0 |   0.0
        D:2 |     135 |      21 |  13.5 |      24 |       1 |   4.0
        D:3 |      57 |       7 |  10.9 |      20 |       5 |  20.0
        D:4 |     368 |       0 |   0.0 |      21 |       0 |   0.0
        D:5 |     591 |     110 |  15.7 |      20 |       1 |   4.8
        D:6 |     468 |       0 |   0.0 |      16 |       0 |   0.0
        D:7 |     485 |     207 |  29.9 |      20 |       1 |   4.8
        D:8 |     550 |     638 |  53.7 |      22 |      10 |  31.2
        D:9 |    1355 |    1327 |  49.5 |      30 |       8 |  21.1
       D:10 |    1733 |     366 |  17.4 |      23 |       6 |  20.7
       D:11 |    4075 |       0 |   0.0 |      53 |       0 |   0.0
       D:12 |    2290 |    1519 |  39.9 |      29 |       2 |   6.5
       D:13 |    4041 |       0 |   0.0 |      37 |       0 |   0.0
       D:14 |    6982 |    4564 |  39.5 |      30 |      33 |  52.4
       D:15 |   14418 |    1910 |  11.7 |      54 |       3 |   5.3
     Lair:1 |    3001 |     153 |   4.9 |      22 |       3 |  12.0
     Lair:2 |    5083 |     829 |  14.0 |      34 |       5 |  12.8
     Lair:3 |    4038 |     298 |   6.9 |      25 |       1 |   3.8
     Lair:4 |    6849 |    2837 |  29.3 |      30 |      15 |  33.3
     Lair:5 |    5768 |       0 |   0.0 |      22 |       0 |   0.0
     Lair:6 |   11163 |    6469 |  36.7 |      39 |      44 |  53.0
   Shoals:1 |    4642 |    3004 |  39.3 |      20 |       7 |  25.9
   Shoals:2 |    7617 |     768 |   9.2 |      23 |       3 |  11.5
   Shoals:3 |    2623 |       0 |   0.0 |      11 |       0 |   0.0
   Shoals:4 |     141 |    1272 |  90.0 |       1 |       4 |  80.0
      Orc:1 |    1486 |    1378 |  48.1 |      18 |      31 |  63.3
      Orc:2 |    1603 |    4071 |  71.7 |      48 |      69 |  59.0
    Ossuary |       0 |     116 | 100.0 |       0 |      16 | 100.0
     Bailey |       0 |     882 | 100.0 |       0 |      30 | 100.0
      IceCv |       0 |    2670 | 100.0 |       0 |      20 | 100.0
            +---------+---------+-------+---------+---------+-------
